 Dungeon Crawl Stone Soup version 0.28-a0-1152-g9c71ebef14 (webtiles) character file.

Game seed: 9335183594134603287

7667 avis the Grappler (level 11, -14/97 HPs)
             Began as a Hill Orc Monk on Dec 15, 2021.
             Was a Priest of Beogh.
             Demolished by a five-headed hydra (16 damage)
             ... on level 1 of the Lair of Beasts.
             The game lasted 01:02:59 (12440 turns).

avis the Grappler (Hill Orc Monk)                  Turns: 12440, Time: 01:03:00

Health: -14/97     AC:  2    Str: 21    XL:     11   Next: 18%
Magic:  7/15       EV: 22    Int: 14    God:    Beogh [***...]
Gold:   365        SH:  0    Dex: 18    Spells: 8/16 levels left

rFire   . . .      SeeInvis .     - Unarmed
rCold   . . .      Faith    .   (shield currently unavailable)
rNeg    . . .      Spirit   .   (armour currently unavailable)
rPois   x          Reflect  .   (helmet currently unavailable)
rElec   .          Harm     .   (cloak currently unavailable)
rCorr   .          Rampage  .   (gloves currently unavailable)
Will    .....                   (boots currently unavailable)
Stlth   ++........              (no amulet)
HPRegen 0.26/turn               n - +6 ring of strength
MPRegen 0.14/turn               (no ring)

@: spider-form
A: venomous fangs, tiny
a: End Transformation, Renounce Religion, Smiting


You were on level 1 of the Lair of Beasts.
You worshipped Beogh.
Beogh was most pleased with you.
You were a venomous arachnid creature.
You visited 3 branches of the dungeon, and saw 10 of its levels.
You also visited: Bailey.

You collected 522 gold pieces.
You spent 157 gold pieces at shops.

Inventory:

Hand Weapons
 a - the +5 falchion "Goblinbane" (melded) {vorpal, Int+4}
   (You found it on level 5 of the Dungeon)

   It inflicts extra damage upon your enemies.
   Int:       It affects your intelligence (+4).
 b - a +0 hunting sling
 c - a +0 dagger of draining
 s - a +0 broad axe
 y - a +0 hand crossbow
 F - a +0 halberd
 G - a +0 whip of flaming
 J - a +0 trident
 L - a +0 spear
 S - a +5 battleaxe of electrocution
Missiles
 d - 179 stones
 e - 32 boomerangs
 f - 4 silver boomerangs (quivered)
 h - 25 poisoned darts
 k - 6 atropa-tipped darts
 u - 9 sling bullets
 z - 49 bolts
 A - 66 arrows
Armour
 p - a +3 leather armour
 t - a +4 plate armour of cold resistance
 B - the +3 pair of seven-league boots (melded) {Rampage+∞}
   (You found it in a bailey)

   Its wearer moves as far as possible in that direction when moving towards
   enemies.
 H - a +0 plate armour
 Q - a +2 cloak (melded)
 V - a +1 hat (melded)
 Y - +0 steam dragon scales (melded)
Jewellery
 n - a +6 ring of strength (left front leg)
 N - a ring of see invisible
Wands
 o - a wand of charming (2)
 D - a wand of iceblast (6)
 E - a wand of mindburst (9)
 W - a wand of paralysis (11)
Scrolls
 j - a scroll of fog
 l - 3 scrolls of teleportation
 w - 2 scrolls of silence
 x - a scroll of amnesia
 K - a scroll of acquirement {unknown}
 O - a scroll of enchant weapon
 R - a scroll of fear
Potions
 g - a potion of haste
 i - 2 potions of might
 m - 2 potions of flight
 q - 5 potions of curing
 r - a potion of degeneration {unknown}
 v - 3 potions of mutation
 C - a potion of attraction {unknown}
 I - 2 potions of resistance
 X - a potion of brilliance {unknown}


   Skills:
 * Level 9.1 Fighting
 - Level 5.0 Armour
 - Level 5.0 Dodging
 - Level 1.5 Stealth
 - Level 13.0 Unarmed Combat
 - Level 3.0 Spellcasting
 - Level 3.0 Transmutations
 - Level 2.0 Poison Magic
 - Level 5.0 Invocations


You had 8 spell levels left.
You knew the following spells:

 Your Spells              Type           Power      Damage    Failure   Level
a - Beastly Appendage     Tmut           20%        N/A       17%         1
b - Blink                 Tloc           4%         N/A       54%         2
e - Wereblood             Tmut           10%        N/A       24%         2
p - Spider Form           Tmut/Pois      9%         N/A       43%         3

Your spell library contained the following spells:

 Spells                   Type           Power      Damage    Failure   Level
 Shock                    Conj/Air       8%         1d3       43%         1
 Sublimation of Blood     Necr           2%         N/A       54%         2
 Ignite Poison            Fire/Tmut/Pois 6%         N/A       54%         3
 Conjure Flame            Conj/Fire      2%         6-21      75%         3
 Dazzling Flash           Conj/Hex       4%         N/A       75%         3
 Swiftness                Air            2%         N/A       75%         3
 Airstrike                Air            1%         N/A       98%         4
 Iskenderun's Mystic Bla  Conj/Tloc      2%         2d3       98%         4
 Sticky Flame             Conj/Fire      2%         2d3       98%         4
 Summon Lightning Spire   Summ/Air       2%         N/A       98%         4
 Freezing Cloud           Conj/Ice/Air   1%         6-21      100%        5
 Manifold Assault         Tloc           2%         N/A       100%        5
 Simulacrum               Ice/Necr       1%         N/A       100%        6
 Starburst                Conj/Fire      1%         6d3       100%        6
 Storm Form               Tmut/Air       3%         N/A       100%        7
 Summon Hydra             Summ           1%         N/A       100%        7
 Maxwell's Capacitive Co  Air            1%         ∞         100%        8
 Polar Vortex             Ice            1%         N/A       100%        9


Dungeon Overview and Level Annotations

Branches:
Dungeon (8/15)             Temple (1/1) D:4            Lair (1/6) D:8
 Bailey (visited)

Altars:
Ashenzari
Cheibriados
Elyvilon
Fedhas
Gozag
Hepliaklqana
Kikubaaqudgha
Makhleb
Nemelex Xobeh
Okawaru
Qazlal
Ru
Sif Muna
Trog
Uskayaw
Vehumet
Wu Jian
Xom
Yredelemnul
Zin
The Shining One

Shops:
D:6 [

Annotations:
D:2 Statue form in glass case
D:6 2 runed translucent doors, derath95's ghost, novice GrEE


Message History

The bullfrog hits your orc warrior. The bullfrog completely misses you.
Your orc knight barely misses the bullfrog.
The bullfrog misses your orc warrior. The komodo dragon closely misses you.
Unknown command.
You hit the five-headed hydra.
The five-headed hydra is heavily wounded.
The bullfrog barely misses you.
The five-headed hydra closely misses you.
The five-headed hydra completely misses you.
The five-headed hydra bites you!
The five-headed hydra completely misses you.
The five-headed hydra bites you! The bullfrog hits your orc warrior!
Your orc warrior hits the five-headed hydra with a +0 short sword.
Your orc knight barely misses the bullfrog.
You bite the five-headed hydra!
The five-headed hydra is almost dead.
The bullfrog completely misses you. The komodo dragon barely misses you.
The five-headed hydra bites you.
The five-headed hydra completely misses you.
The five-headed hydra misses you. The five-headed hydra bites you! x2
The bullfrog hits your orc warrior but does no damage.
The bullfrog misses you.
You hit the five-headed hydra.
The five-headed hydra is almost dead.
Your orc warrior hits the bullfrog with a +0 short sword!
The bullfrog dies!
Beogh accepts your kill.
Your orc warrior looks more experienced.
The komodo dragon completely misses you.
The bullfrog closely misses you. The five-headed hydra bites you!
* * * LOW HITPOINT WARNING * * *
The five-headed hydra completely misses you. x2
The five-headed hydra barely misses you.
The five-headed hydra completely misses you.
You bite the bullfrog!
The bullfrog is poisoned.
The bullfrog is heavily wounded.
The bullfrog barely misses you. The komodo dragon bites you!!
* * * LOW HITPOINT WARNING * * *
The five-headed hydra bites you!
You die...

# ##### .... # ..#
.[.### ####
....######.....##
#####...
.................
........
.................
........
.................
........
..........l......
........
...$....Fso......
........
......(..oD......
........
#.#....o########
######## #....o..###
#.........###
#....##......########
## #....#
###........##.###.
#....
###.............
#....# #####.........


You could see a five-headed hydra (very poisoned, ally target), a komodo dragon,
a bullfrog (very poisoned), a friendly orc knight and 3 friendly orc warriors.

Vanquished Creatures
  A manticore (D:6)
  Maggie (D:7)
  A komodo dragon (D:8)
  A hornet (D:8)
  Prince Ribbit (D:7)
  Sigmund (D:4)
  2 yaks (D:8)
  Eustachio (D:6)
  A steam dragon (D:8)
  7 water moccasins
  2 sky beasts (D:5)
  An ice beast (D:5)
  5 orc warriors
  4 black bears
  A centaur (D:8)
  5 bullfrogs
  A wyvern zombie (D:6)
  Blork the orc (D:6)
  A gnoll sergeant (D:6)
  5 scorpions
  A water moccasin skeleton (D:7)
  4 wights
  A howler monkey (D:6)
  4 centaur zombies
  3 hounds
  Jessica (D:2)
  7 iguanas
  8 orc wizards
  A killer bee zombie (D:7)
  2 hound skeletons (D:4)
  3 adders
  7 gnolls
  A white imp (D:6)
  An adder skeleton (D:5)
  4 worms
  5 dart slugs
  12 orcs
  3 endoplasms
  3 giant cockroaches
  5 goblins
  8 hobgoblins
  22 kobolds
  6 quokkas
  9 ball pythons
  6 bats
  2 frilled lizards
  2 rats
174 creatures vanquished.

Vanquished Creatures (collateral kills)
  Pikel (D:8)
  2 komodo dragons (Lair:1)
  A cane toad (Lair:1)
  3 yaks (D:8)
  2 basilisks (Lair:1)
  A water moccasin (Lair:1)
  A bullfrog (Lair:1)
  2 orc priests (D:8)
  An orc (D:8)
  A goblin (D:8)
15 creatures vanquished.

Vanquished Creatures (others)
  An orc warrior (D:8)
  An orc priest (D:8)
  An adder (D:5)
  3 orcs
  48 fungi
  52 plants
106 creatures vanquished.

Grand Total: 295 creatures vanquished

Notes
Turn   | Place    | Note
-------+----------+-------------------------------------------
     0 | D:1      | avis the Hill Orc Monk began the quest for the Orb.
     0 | D:1      | Reached XP level 1. HP: 19/19 MP: 1/1
   272 | D:1      | Reached XP level 2. HP: 25/26 MP: 2/2
   289 | D:1      | Reached skill level 4 in Unarmed Combat
   745 | D:1      | Reached XP level 3. HP: 12/31 MP: 3/3
  1436 | D:2      | Learned a level 1 spell: Beastly Appendage
  1794 | D:2      | Noticed Jessica
  1821 | D:2      | Killed Jessica
  1822 | D:2      | Reached skill level 5 in Unarmed Combat
  1822 | D:2      | Reached XP level 4. HP: 25/40 MP: 1/4
  2940 | D:3      | Reached skill level 1 in Transmutations
  3337 | D:3      | Reached skill level 1 in Spellcasting
  3352 | D:3      | Learned a level 3 spell: Spider Form
  3515 | D:4      | Found a staircase to the Ecumenical Temple.
  3534 | D:4      | Reached XP level 5. HP: 42/46 MP: 4/6
  3580 | Temple   | Entered the Ecumenical Temple
  4041 | D:4      | Noticed a water moccasin
  4051 | D:4      | Killed a water moccasin
  4052 | D:4      | Reached XP level 6. HP: 22/52 MP: 3/8
  4287 | D:4      | Noticed Sigmund
  4307 | D:4      | Killed Sigmund
  4308 | D:4      | Reached skill level 6 in Unarmed Combat
  4311 | D:4      | Reached XP level 7. HP: 35/59 MP: 6/10
  4848 | D:5      | Entered Level 5 of the Dungeon
  4969 | D:5      | Reached skill level 7 in Unarmed Combat
  5250 | D:5      | Reached skill level 5 in Fighting
  5408 | D:5      | Found a shimmering altar of Xom.
  5605 | D:5      | Identified the +5 falchion "Goblinbane" {vorpal, Int+4}
  5750 | D:5      | Reached skill level 8 in Unarmed Combat
  5750 | D:5      | Reached XP level 8. HP: 68/68 MP: 4/11
  6040 | D:5      | Became a worshipper of Beogh the Brigand
  6040 | D:5      | Reached * piety under Beogh
  6040 | D:5      | Reached ** piety under Beogh
  6395 | D:5      | Learned a level 2 spell: Wereblood
  6518 | D:6      | Found a large runed translucent door.
  6519 | D:6      | Found a large runed translucent door.
  6522 | D:6      | Noticed derath95's ghost (novice GrEE)
  6545 | D:6      | Reached skill level 9 in Unarmed Combat
  6549 | D:6      | Noticed a manticore
  6555 | D:6      | Killed a manticore
  6883 | D:6      | Reached skill level 5 in Dodging
  6991 | D:6      | Reached XP level 9. HP: 67/75 MP: 9/12
  7009 | D:6      | Reached skill level 1 in Invocations
  7158 | D:6      | Learned a level 2 spell: Blink
  7213 | D:6      | Found Hausokoi's Antique Armour Shoppe.
  8032 | D:6      | Bought a runed cloak for 157 gold pieces
  8085 | D:6      | Noticed Eustachio
  8241 | D:6      | Found a glowing golden altar of the Shining One.
  8331 | D:6      | Noticed Blork the orc
  8339 | D:6      | Killed Blork the orc
  8453 | D:6      | Killed Eustachio
  8454 | D:6      | Reached skill level 10 in Unarmed Combat
  8554 | D:7      | Noticed Prince Ribbit
  8560 | D:7      | Killed Prince Ribbit
  8673 | D:7      | Noticed Maggie
  8737 | D:7      | Reached skill level 11 in Unarmed Combat
  9068 | D:7      | Killed Maggie
  9069 | D:7      | Reached XP level 10. HP: 52/90 MP: 10/13
  9593 | D:7      | Found a radiant altar of Vehumet.
  9610 | D:7      | Reached *** piety under Beogh
  9623 | D:7      | Identified the +4 scale mail "Feisy" {rPois}
 10082 | D:8      | Found a flagged portal.
 10103 | Bailey   | Entered a bailey
 10479 | Bailey   | Found a burning altar of Makhleb.
 10479 | Bailey   | Found the +3 pair of seven-league boots {Rampage+∞}
 10680 | D:8      | Noticed Pikel
 10696 | D:8      | Killed Pikel
 10697 | D:8      | Reached skill level 5 in Invocations
 11020 | D:8      | Found a staircase to the Lair.
 11042 | D:8      | Reached skill level 5 in Armour
 11643 | D:8      | Reached skill level 12 in Unarmed Combat
 11742 | D:8      | Reached XP level 11. HP: 93/97 MP: 11/15
 12177 | Lair:1   | Entered Level 1 of the Lair of Beasts
 12343 | Lair:1   | Reached skill level 13 in Unarmed Combat
 12430 | Lair:1   | Noticed a five-headed hydra
 12440 | Lair:1   | HP: 2/97 [komodo dragon (22)]
 12440 | Lair:1   | Demolished by a five-headed hydra

Illustrated notes

Levels and vault maps discovered:
D:1:      wander_arrival_desolate, layout_loops_ring
D:2:      layout_loops_cross, serial_glass, glass_columns_b, glass_columns_a,
          glass_columns_b, glass_columns_b, glass_columns_c, glass_columns_c,
          minmay_strange_pillars, item_on_display_a, due_unseen_surprise,
          minmay_strange_pillars, grunt_decor_mini_mirrors, uniq_jessica
D:3:      layout_basic
D:4:      layout_rooms, minmay_temple_entry_junction, uniq_sigmund
D:5:      layout_loops_corners, lemuel_round_altar, grunt_decor_arrowhead,
          kennysheep_path_1
D:6:      layout_rooms, nicolae_tso_swordbearing_angel,
          ebering_ghost_disaster_area, serial_shops,
          nicolae_shop_overgrown_old_shop, uniq_blork_the_orc, uniq_eustachio
D:7:      layout_gridville, vehumet_crystals, grunt_ministairs_2, uniq_maggie,
          uniq_prince_ribbit1
D:8:      layout_basic, due_lair_maze_entry_diamond, enter_bailey_3,
          grunt_ministairs_1, uniq_pikel
Temple:   dpeg_five_rooms_temple
Lair:1:   layout_hall_layers, grunt_megastairs_1

Skill      XL: |  1  2  3  4  5  6  7  8  9 10 11 |
---------------+----------------------------------+-----
Unarmed Combat | 4 5 6 8 9 11 12 13 | 13.0
Fighting       | 4 5 6 8 9 |  9.1
Transmutations | 1 2 3 |  3.0
Spellcasting   | 1 2 3 |  3.0
Poison Magic   | 2 |  2.0
Dodging        | 5 |  5.0
Invocations    | 3 5 |  5.0
Armour         | 5 |  5.0
Stealth        | |  1.5

Action                   |  1- 3 |  4- 6 |  7- 9 | 10-12 || total
-------------------------+-------+-------+-------+-------++-------
Melee: Unarmed           |    92 |    73 |   177 |   130 ||   472
       Punch             |     2 |       |     1 |     1 ||     4
       Kick              |     5 |     6 |     4 |       ||    15
       Headbutt          |     3 |     4 |     4 |       ||    11
       Falchion          |       |       |    11 |    32 ||    43
 Fire: Hunting sling     |       |    49 |    24 |    31 ||   104
       Hand crossbow     |       |     1 |       |       ||     1
 Cast: Beastly Appendage |     1 |     8 |     5 |       ||    14
       Spider Form       |       |     2 |    28 |    22 ||    52
       Blink             |       |       |       |     6 ||     6
       Wereblood         |       |       |       |     1 ||     1
Invok: Convert to Beogh  |       |       |     1 |       ||     1
       Smiting           |       |       |       |     3 ||     3
 Abil: End Transformatio |       |       |       |     1 ||     1
  Use: Scroll            |       |     2 |       |     9 ||    11
       Potion            |       |     2 |     1 |       ||     3
 Stab: Sleeping          |     4 |     2 |       |       ||     6
Armor: Robe              |     7 |     1 |     6 |       ||    14
       Ring mail         |    21 |     5 |       |       ||    26
       Skin              |       |       |    11 |     4 ||    15
       Steam dragon scal |       |       |       |    42 ||    42
Dodge: Dodged            |    42 |    44 |   161 |   162 ||   409

Table legend: (Time is in decaauts)
 A = Elapsed time spent in this place.
 B = Non-inter-level travel time spent in this place.
 C = Inter-level travel time spent in this place.
 D = Time resting spent in this place.
 E = Time spent auto-exploring this place.
 F = Levels seen in this place.
 G = Mean time per level.
                   A        B        C        D        E       F      G
               +--------+--------+--------+--------+--------+-----+--------+
         Total |  12403 |  11608 |    795 |   4484 |   4265 |  11 | 1127.5 |
       Dungeon |  11371 |  10607 |    764 |   4339 |   3884 |   8 | 1421.4 |
        Temple |    305 |    274 |     31 |      0 |    220 |   1 |  305.0 |
          Lair |    256 |    256 |      0 |      0 |    136 |   1 |  256.0 |
        Bailey |    469 |    469 |      0 |    145 |     25 |   1 |  469.0 |
               +--------+--------+--------+--------+--------+-----+--------+

Top non-repeatable levels by time:
     D:5: 2615 daAuts
     D:8: 1718 daAuts
     D:1: 1481 daAuts
     D:2: 1343 daAuts
     D:7: 1288 daAuts
     D:4: 1183 daAuts
     D:6: 1102 daAuts
     D:3: 638 daAuts
  Bailey: 469 daAuts
  Temple: 305 daAuts
  Lair:1: 256 daAuts
